AoeStats
← 知耻而后勇喜笑颜开

Arena

504938730Analyzed
4v4 RM · 25d ago on Sep 7, 2026· 25m 7s· 8 players
Game mode
Random Map
Map size
Large (8 player)
Population
200
Speed
Normal
Resources
Standard
Victory
Conquest
Starting age
Dark Age
Ending age
Imperial Age
RankedLock teamsTeams togetherTeam positionsShared explorationLock speedFull tech treeHidden civsTurbo modeCheats
Victory
Defeat
🇦🇷 Mongols · Argentina
1120
+14
🇨🇳 Spanish · China
1102
+14
1099
+15
🇺🇸 Franks · United States
1047
+17
🇲🇽 Huns · Mexico
1107
-17
🇨🇳 Mongols · China
1073
-27
🇷🇺 Britons · Russia
1046
-14
🇲🇽 Bulgarians · Mexico
1040
-14
luenlome25
9:03 Feudal Age
9:29 Double-Bit Axe
9:25 Horse Collar
17:45 Castle Age
16:19 Stone Mining
16:59 Gold Mining
21:00 Scale Barding Armor
21:06 Forging
21:44 Loom
founderr
10:35 Feudal Age
11:56 Loom
14:35 Castle Age
13:06 Double-Bit Axe
13:20 Horse Collar
13:53 Loom
15:46 Bow Saw
15:50 Heavy Plow
16:48 Wheelbarrow
20:59 Town Watch
NWGHOST7888
9:53 Feudal Age
14:15 Castle Age
13:27 Double-Bit Axe
19:52 Scale Mail Armor
27岁电竞老年人
10:14 Feudal Age
11:54 Double-Bit Axe
14:31 Castle Age
13:43 Horse Collar
21:43 Pikeman
24:54 Wheelbarrow
24:09 Elite Skirmisher
TheYolis
1:17 Loom
10:32 Feudal Age
16:28 Castle Age
14:39 Double-Bit Axe
19:18 Wheelbarrow
25:11 Scale Barding Armor
25:17 Forging
25:55 Bow Saw
永不投降嘻嘻
10:32 Feudal Age
11:59 Loom
15:12 Castle Age
14:22 Stone Mining
14:25 Gold Mining
14:33 Gold Mining
知耻而后勇喜笑颜开
8:32 Feudal Age
8:58 Double-Bit Axe
17:06 Castle Age
15:59 Gold Mining
18:09 Bow Saw
17:39 Horse Collar
18:49 Loom
19:39 Wheelbarrow
19:35 Heavy Plow
23:11 Hand Cart
25:46 Fervor
[ATARB]PELUCHE GUACHIN
11:30 Feudal Age
15:07 Castle Age
14:39 Loom
17:53 Gold Mining
18:24 Double-Bit Axe
Connection lost

Rejoining the realm…

Still unreachable

The connection could not be restored.

Session expired

The server has moved on; the page needs a fresh start.